 Dungeon Crawl Stone Soup version 0.32-a0-818-gb728d0252e (webtiles) character file.

Game seed: 6357772066606490535

96 Maxmaps the Trooper (level 4, -10/33 HPs)
             Began as an Octopode Shapeshifter on Mar 25, 2024.
             Killed from afar by a steam dragon (29 damage)
             ... with a ball of steam
             ... on level 3 of the Dungeon.
             The game lasted 00:01:52 (1985 turns).

Maxmaps the Trooper (Octopode Shapeshifter)         Turns: 1985, Time: 00:01:53

Health: -10/33     AC:  1    Str: 13    XL:     4   Next: 67%
Magic:  4/4        EV: 12    Int: 14    God:
Gold:   139        SH:  0    Dex: 11    Spells: 3/3 levels left

rFire   . .          .
                       - Unarmed
rCold   . . .        (no shield)
rNeg    . . .        (helmet currently unavailable)
rPois   .            l - amulet of magic regeneration
rElec   .            (no ring)
rCorr   .            (no ring)
SInv    .            (no ring)
Will    .....        (no ring)
Stlth   ++           (no ring)
HPRegen 0.25/turn    (no ring)
MPRegen 0.49/turn    (no ring)
                     (no ring)

%: no passive effects
@: beast-form
A: beast (slay +1), almost no armour, amphibious, 8 rings, camouflage 1,
gelatinous body 1, (nimble swimmer 1), tentacles
a: Begin Untransformation


You were on level 3 of the Dungeon.
You were a hulking beast.
You visited 1 branch of the dungeon, and saw 3 of its levels.

You collected 139 gold pieces.

Inventory:

Jewellery
 l - an amulet of magic regeneration (around mantle)
Talismans
 b - a beast talisman (active)
 c - a flux talisman
Wands
 n - a wand of polymorph (13)
Scrolls
 d - 9 scrolls of identify {unknown}
 g - a scroll of amnesia {unknown}
 k - a scroll of fog {unknown}
 m - a scroll of blinking {unknown}
 o - a scroll of fear {unknown}
Potions
 a - a potion of lignification
 e - a potion of resistance {unknown}
 f - 3 potions of heal wounds {unknown}
 h - a potion of haste {unknown}
 i - a potion of curing {unknown}
 j - a potion of degeneration {unknown}


   Skills:
 - Level 4.1 Fighting
 + Level 2.4 Dodging
 - Level 3.0 Unarmed Combat
 - Level 3.0 Shapeshifting


You had 3 spell levels left.
You didn't know any spells.
Your spell library contained the following spells:

 Spells                   Type           Power      Damage    Failure   Level
 Shock                    Conj/Air       0%         1d3       28%         1
 Swiftness                Air            0%         N/A       65%         3
 Airstrike                Air            0%         2d(0-16)  96%         4
 Animate Dead             Necr           0%         N/A       96%         4
 Haunt                    Necr/Summ      0%         N/A       100%        7
 Infestation              Necr           0%         N/A       100%        8


Dungeon Overview and Level Annotations

Branches:
Dungeon (3/15)

Altars:
Qazlal


Innate Abilities, Weirdness & Mutations

You are a hulking beast.
Your limbs bulge with bestial killing power. (Slay +1)
You cannot wear most types of armour.
You are amphibious.
You can wear up to eight rings at the same time.
Your skin changes colour to match your surroundings (Stealth+).
Your rubbery body absorbs attacks. (AC +1, EV +1)
((You are camouflaged when in or above water. (Stealth+)))
You have tentacles for arms and can constrict up to eight enemies at once.


Message History

No target in view!
No target in view!
No target in view!
No target in view!
No target in view!
o - a scroll labelled ERIJIGRAMOZE A hobgoblin comes into view.
The hobgoblin shouts!
You tentacle-slap the hobgoblin.
You kill the hobgoblin!
You see here a +0 trident.
d - 9 scrolls labelled YQINNEOGAN (gained 1)
There is a stone staircase leading down here.
You now have 139 gold pieces (gained 10).
Found a ring mail.
No target in view!
A bat comes into view.
The bat barely misses you.
A bat is nearby!
The bat closely misses you. The bat barely misses you.
A bat is nearby!
You closely miss the bat. You grab the bat. Your squeeze misses the bat.
You constrict the bat.
You kill the bat!
No target in view!
No target in view!
A steam dragon comes into view.
Found a stone staircase leading up.
The steam dragon hisses angrily.
The steam dragon breathes steam at you. The ball of steam hits you!
Ouch! That really hurt!
The steam dragon moves out of view.
You hear a shout!
You are engulfed in a cloud of scalding steam.
A steam dragon is nearby!
The steam dragon breathes steam at you. The ball of steam hits you!!
Ouch! That really hurt!
You die...

####.#.###.#...###.......###...
####.#.###.#................[...
.....#.##..#.#.#####.##.####...#
........†....#.#####D##.# .#
........................#
.#...........#.###.#.####
.#..#####.####.###§#.####. ##..#
#......##§........ ##..##
#.####..h......... .....# #.#
#.##..####### .#..## #.# #.##..#
.#..# #.# #.....# .#.........
####..# .....#.##.. #... .#....
... ...#. ....... ... ...#.
.#...#.# #<


There were no monsters in sight!

Vanquished Creatures
  An adder (D:2)
  2 ribbon worms (D:2)
  4 dart slugs
  5 endoplasms
  2 giant cockroaches (D:1)
  7 goblins
  10 hobgoblins
  8 jackals
  4 kobolds
  4 quokkas
  5 ball pythons
  6 bats
  3 frilled lizards
  6 rats
67 creatures vanquished.

Notes
Turn   | Place    | Note
-------+----------+-------------------------------------------
     0 | D:1      | Maxmaps the Octopode Shapeshifter began the quest for the
                  | Orb.
     0 | D:1      | Reached XP level 1. HP: 13/13 MP: 1/1
    65 | D:1      | Reached skill level 2 in Fighting
    65 | D:1      | Reached XP level 2. HP: 19/19 MP: 2/2
   387 | D:1      | Reached XP level 3. HP: 25/25 MP: 3/3
   390 | D:1      | Reached skill level 3 in Fighting
  1338 | D:2      | Reached XP level 4. HP: 21/33 MP: 4/4
  1563 | D:2      | Reached skill level 4 in Fighting
  1840 | D:3      | Found a stormy altar of Qazlal.
  1972 | D:3      | Noticed a steam dragon
  1985 | D:3      | Killed from afar by a steam dragon

Illustrated notes

Levels and vault maps discovered:
D:1:      reono_arrival_mine, layout_basic, minmay_pentomino_t2
D:2:      layout_rooms, minmay_divided_ellipse
D:3:      layout_basic, mainiacjoe_overflow_paths, biasface_ghost_orc_armoury

Skill      XL: |  1  2  3  4 |
---------------+-------------+-----
Fighting       | 2 3 4 |  4.1
Dodging        | |  2.4
Unarmed Combat | |  3.0
Shapeshifting  | |  3.0

Action                     |  1- 3 |  4- 6 || total
---------------------------+-------+-------++-------
  Melee: Unarmed           |    69 |    41 ||   110
         Constrict         |    25 |    14 ||    39
         Tentacles         |    16 |    10 ||    26
         Punch             |     2 |       ||     2
   Stab: Sleeping          |     8 |       ||     8
 Armour: Skin              |    22 |    32 ||    54
  Dodge: Dodged            |    31 |    35 ||    66

Table legend: (Time is in decaauts)
 A = Elapsed time spent in this place.
 B = Non-inter-level travel time spent in this place.
 C = Inter-level travel time spent in this place.
 D = Time resting spent in this place.
 E = Time spent auto-exploring this place.
 F = Levels seen in this place.
 G = Mean time per level.
                   A        B        C        D        E       F      G
               +--------+--------+--------+--------+--------+-----+--------+
         Total |   1978 |   1914 |     64 |    228 |   1363 |   3 |  659.3 |
       Dungeon |   1978 |   1914 |     64 |    228 |   1363 |   3 |  659.3 |
               +--------+--------+--------+--------+--------+-----+--------+

Top non-repeatable levels by time:
     D:1: 937 daAuts
     D:2: 734 daAuts
     D:3: 306 daAuts
